 Dungeon Crawl Stone Soup version 0.29-a0-613-gf2c431b9b9 (webtiles) character file.

Game seed: 6617102244221216538

23 Miritol the Bolt Thrower (level 3, -1/26 (29) HPs)
             Began as a Meteoran Hunter on June 16, 2022.
             Was a Follower of Nemelex Xobeh.
             Slain by an iguana (6 damage)
             ... on level 2 of the Dungeon.
             The game lasted 00:02:41 (1108 turns).

Miritol the Bolt Thrower (Meteoran Hunter)          Turns: 1108, Time: 00:02:41

HP:   -1/26 (29)    AC:  4    Str: 14    XL:     3   Next: 26%
MP:   4/4           EV: 12    Int: 10    God:    Nemelex Xobeh [*.....]
Gold: 37            SH:  0    Dex: 18    Spells: 2/2 levels left

rFire   . . .      SeeInvis .   a - +1 hand crossbow
rCold   . . .      Faith    .   (no shield)
rNeg    . . .      Spirit   .   b - +0 leather armour
rPois   .          Reflect  .   (no helmet)
rElec   .          Harm     .   (no cloak)
rCorr   .          Rampage  .   (no gloves)
Will    .....                   e - +0 pair of boots
Stlth   +.........              (no amulet)
HPRegen 0.08/turn               (no ring)
MPRegen 0.09/turn               (no ring)

@: glowing, heavily drained
A: sense surroundings 1, otherworldly, glowing, explore regen
a: Renounce Religion, Draw Escape, Draw Destruction, Draw Summoning


You were on level 2 of the Dungeon.
You worshipped Nemelex Xobeh.
Nemelex Xobeh was aware of your devotion.
You visited 1 branch of the dungeon, and saw 2 of its levels.

You collected 37 gold pieces.

Inventory:

Hand Weapons
 a - a +1 hand crossbow (weapon)
 d - a +0 club
Armour
 b - a +0 leather armour (worn)
 e - a +0 pair of boots (worn)
Jewellery
 f - a ring of wizardry
Scrolls
 c - a scroll of immolation
 i - 3 scrolls of noise {unknown}
 m - a scroll of fear {unknown}
Potions
 g - 2 potions of might {unknown}
 h - a potion of invisibility {unknown}
 j - a potion of mutation {unknown}
 k - a potion of brilliance {unknown}
 l - 2 potions of flight {unknown}
 n - a potion of curing {unknown}
 o - a potion of attraction {unknown}


   Skills:
 - Level 2.1 Fighting
 + Level 4.9 Crossbows
 + Level 2.0 Armour
 - Level 2.4 Dodging
 - Level 0.6 Stealth


You had 2 spell levels left.
You didn't know any spells.
Your spell library contained the following spells:

 Spells                   Type           Power      Damage    Failure   Level
 Scorch                   Fire           0%         2d5       56%         2
 Flame Wave               Conj/Fire      0%         2d4       99%         4
 Summon Cactus Giant      Summ           0%         N/A       100%        6


Dungeon Overview and Level Annotations

Branches:
Dungeon (2/15) Zot: 269

Altars:
Nemelex Xobeh
Wu Jian

Shops:
D:1 =

Annotations:
D:2 1 runed translucent door, Crazy Yiuf


Innate Abilities, Weirdness & Mutations

You passively map a small area around you.
You are easily found by Zot.
You glow in the dark.
You regain HP and MP as you explore.


Message History

You shoot a bolt.
The bolt hits the bat but does no damage.
The bat closely misses you.
You shoot a bolt. The bolt barely misses the bat.
The bat closely misses you. The bat barely misses you.
No target in view!
The bat hits you but does no damage.
A bat is nearby!
You shoot a bolt. The bolt closely misses the bat.
The bat hits you. The bat hits you but does no damage. x2
You shoot a bolt. The bolt hits the bat.
The bat is severely wounded.
The bat hits you but does no damage.
You shoot a bolt. The bolt hits the bat.
You kill the bat!
Things that are here:
a +0 short sword; 5 stones HP restored.
Found a stone staircase leading down.
A kobold comes into view. It is wielding a +0 whip.
The kobold shouts!
An iguana comes into view.
You shoot a bolt. The bolt hits the kobold.
The kobold is heavily wounded.
You shoot a bolt. The bolt hits the kobold!
You kill the kobold!
Your Armour skill increases to level 2!
You shoot a bolt.
The bolt hits the iguana but does no damage.
You shoot a bolt. The bolt hits the iguana.
The iguana is moderately wounded.
The iguana bites you!
You shoot a bolt. The bolt hits the iguana.
The iguana is moderately wounded.
The iguana bites you!
* * * LOW HITPOINT WARNING * * *
The iguana attacks as you move away! The iguana closely misses you.
The iguana bites you.
You die...
Your body glows slightly brighter and disappears.

* ** #.# .# # #.. ... .. *
###.. * * , *, * * #..). ,
,* , #.... , ** ##..## ,* *
* * ** ##+, #...# , ####.#
###..# , , ########....##.
,##.## * #.>..@....⌠...,⌠
#..# #...l.......# ##.## *
#...####.#..### ##.## ,
##..####.).#'(###.## * *,,
#.........#...##.####
#..####...###...#.⌠.#......
#.........###...#.†.##.####
#.#####....###..##<###.# ##
* #..#.......### #.###.


You could see an iguana.

Vanquished Creatures
  A ball python (D:2)
  2 giant cockroaches
  3 goblins (D:1)
  2 jackals (D:2)
  2 quokkas
  3 bats
  A frilled lizard (D:1)
  3 kobolds
  3 rats
20 creatures vanquished.

Notes
Turn   | Place    | Note
-------+----------+-------------------------------------------
     0 | D:1      | Miritol the Meteoran Hunter began the quest for the Orb.
     0 | D:1      | Reached XP level 1. HP: 17/17 MP: 2/2
   160 | D:1      | Reached skill level 1 in Armour
   160 | D:1      | Reached XP level 2. HP: 24/24 MP: 3/3
   286 | D:1      | Found Raezi's One-of-a-Kind Rings.
   493 | D:1      | Glimpsed the power of Zot.
   543 | D:1      | Glimpsed the power of Zot.
   582 | D:1      | Glimpsed the power of Zot.
   591 | D:1      | Glimpsed the power of Zot.
   592 | D:1      | Touched by the power of Zot.
   647 | D:2      | Found an ornate altar of the Wu Jian Council.
   861 | D:2      | Found a runed translucent door.
   862 | D:2      | Noticed Crazy Yiuf
   969 | D:1      | Reached XP level 3. HP: 20/24 MP: 4/4
  1011 | D:1      | Found a faded altar of an unknown god.
  1020 | D:1      | Prayed at the altar of an unknown god.
  1020 | D:1      | Became a worshipper of Nemelex Xobeh the Trickster
  1020 | D:1      | Reached * piety under Nemelex Xobeh
  1108 | D:2      | Slain by an iguana

Illustrated notes

Levels and vault maps discovered:
D:1:      lemuel_arrival_cross, layout_loops_ring,
          shapermc_ecumenical_altar_totnotflames, nicolae_shop_unique_rings,
          kennysheep_doodads
D:2:      layout_loops_ring, basic_altar, grunt_ministairs_4,
          uniq_crazy_yiuf_cottage, uniq_jessica

Skill      XL: |  1  2  3 |
---------------+----------+-----
Armour         | 1 2 |  2.0
Fighting       | |  2.1
Crossbows      | |  4.9
Dodging        | |  2.4
Stealth        | |  0.6

Action                   || total
-------------------------++-------
 Fire: Hand crossbow     ||    68
Armor: Leather armour    ||    11
Dodge: Dodged            ||    21

Table legend: (Time is in decaauts)
 A = Elapsed time spent in this place.
 B = Non-inter-level travel time spent in this place.
 C = Inter-level travel time spent in this place.
 D = Time resting spent in this place.
 E = Time spent auto-exploring this place.
 F = Levels seen in this place.
 G = Mean time per level.
                   A        B        C        D        E       F      G
               +--------+--------+--------+--------+--------+-----+--------+
         Total |   1129 |   1007 |    122 |      0 |    820 |   2 |  564.5 |
       Dungeon |   1129 |   1007 |    122 |      0 |    820 |   2 |  564.5 |
               +--------+--------+--------+--------+--------+-----+--------+

Top non-repeatable levels by time:
     D:1: 763 daAuts
     D:2: 366 daAuts
